 Dungeon Crawl Stone Soup version 0.20.0-14-g326068f (webtiles) character file.

90 Chiseanne the Skirmisher (level 4, -1/37 HPs)
             Began as a Demonspawn Wanderer on June 8, 2017.
             Slain by a gnoll
             ... wielding a +0 whip
              (11 damage)
             ... on level 2 of the Dungeon.
             The game lasted 00:02:52 (1486 turns).

Chiseanne the Skirmisher (Demonspawn Wanderer)      Turns: 1486, Time: 00:02:53

Health: -1/37      AC:  3    Str: 12    XL:     4   Next: 32%
Magic:  4/4        EV: 13    Int: 13    God:
Gold:   27         SH:  0    Dex: 14    Spells: 3/3 levels left

rFire    + . .     SeeInvis .   a - +2 shortbow
rCold    . . .     Gourm    .   (shield currently unavailable)
rNeg     . . .     Faith    .   d - +0 robe
rPois    .         Spirit   .   j - +0 helmet
rElec    .         Reflect  .   (no cloak)
rCorr    .         Harm     .   (no gloves)
MR       .....                  (no boots)
Stlth    ++........             (no amulet)
Regen    0.2/turn               (no ring)
MPRegen  0.1/turn               (no ring)

@: no status effects
A: fire resistance 1, flame cloud immunity
a: no special abilities


You were on level 2 of the Dungeon.
You were not hungry.

You visited 1 branch of the dungeon, and saw 2 of its levels.

You collected 27 gold pieces.

Inventory:

Hand Weapons
 a - a +2 shortbow (weapon)
 h - a +0 mace
Missiles
 b - 14 arrows (quivered)
 e - 24 stones
 m - 9 sling bullets
Armour
 d - a +0 robe (worn)
 j - a +0 helmet (worn)
Jewellery
 n - an uncursed amulet of harm {unknown}
Potions
 c - 2 potions of lignification
 i - 2 potions of curing {unknown}
 l - a potion of haste {unknown}
Comestibles
 f - 2 bread rations
 g - a royal jelly
 k - a meat ration


   Skills:
 * Level 4.1 Fighting
   Level 1.0 Polearms
 - Level 1.7 Bows
 * Level 3.2 Dodging
 - Level 1.0 Stealth
   Level 1.0 Evocations


You had 3 spell levels left.
You didn't know any spells.

Dungeon Overview and Level Annotations

Branches:
Dungeon (2/15)

Altars:


Innate Abilities, Weirdness & Mutations

Your flesh is heat resistant. (rF+)
You are immune to clouds of flame.


Message History

Press: ? - help, Shift-Dir - straight line, f/p - gnoll
Aim: a gnoll, wielding a whip (almost dead)
You shoot an arrow. The arrow completely misses the gnoll.
The gnoll closely misses you.
Firing (i - inventory. (,) - cycle):
b - 17 arrows (quivered)
Press: ? - help, Shift-Dir - straight line, f/p - gnoll
Aim: a gnoll, wielding a whip (almost dead)
You shoot an arrow. The arrow closely misses the gnoll.
The gnoll barely misses you.
Firing (i - inventory. (,) - cycle):
b - 16 arrows (quivered)
Press: ? - help, Shift-Dir - straight line, f/p - gnoll
Aim: a gnoll, wielding a whip (almost dead)
You shoot an arrow. The arrow closely misses the gnoll.
The gnoll barely misses you.
Firing (i - inventory. (,) - cycle):
b - 15 arrows (quivered)
Press: ? - help, Shift-Dir - straight line, f/p - gnoll
Aim: a gnoll, wielding a whip (almost dead)
You shoot an arrow. The arrow barely misses the gnoll.
The gnoll hits you with a whip!
You die...

#.##..# #.##..#
#.##..# #.##..#
#.# #.# #.#
##.#############
#.......@g(.((((
################


You could see a gnoll.

Vanquished Creatures
  6 gnolls (D:2)
  An adder (D:2)
  2 leopard geckos (D:2)
  A giant cockroach (D:2)
  A goblin (D:2)
  4 kobolds (D:1)
  4 bats
  2 frilled lizards
  2 rats
23 creatures vanquished.

Notes
Turn   | Place    | Note
-------+----------+-------------------------------------------
     0 | D:1      | Chiseanne the Demonspawn Wanderer began the quest for the Orb.
     0 | D:1      | Chiseanne set off with: a +2 shortbow, 21 arrows, 2 potions of lignification, a +0 robe, a bread ration
     0 | D:1      | Reached XP level 1. HP: 18/18 MP: 1/1
   494 | D:1      | Gained mutation: Your flesh is heat resistant. (rF+) [demonic ancestry]
   494 | D:1      | Reached XP level 2. HP: 24/24 MP: 2/2
   964 | D:2      | Gained mutation: You are immune to clouds of flame. [demonic ancestry]
   964 | D:2      | Reached XP level 3. HP: 12/29 MP: 3/3
  1166 | D:2      | Reached XP level 4. HP: 11/37 MP: 4/4
  1390 | D:2      | Reached skill level 4 in Fighting
  1486 | D:2      | Slain by a gnoll

Skill      XL: |  1  2  3  4 |
---------------+-------------+-----
Dodging        | 2 3 |  3.2
Fighting       | 4 |  4.1
Polearms       | |  1.0
Bows           | |  1.7
Stealth        | |  1.0
Evocations     | |  1.0

Action                   |  1- 3 |  4- 6 || total
-------------------------+-------+-------++-------
 Fire: Shortbow          |    71 |    26 ||    97
  Use: Scroll            |     1 |     1 ||     2
  Eat: Chunk             |     1 |     1 ||     2
Armor: Robe              |     6 |     1 ||     7
Dodge: Dodged            |    17 |     7 ||    24
